 Dungeon Crawl Stone Soup version 0.19-a0-1260-gc94d3f7 (webtiles) character file.

3349 epen the Spear-Bearer (level 10, -3/77 HPs)
             Began as a Merfolk Monk on Aug 28, 2016.
             Was an Elder of Okawaru.
             Slain by a large abomination (22 damage)
             ... on level 1 of the Abyss.
             The game lasted 00:09:57 (8732 turns).

epen the Spear-Bearer (Merfolk Monk)                Turns: 8732, Time: 00:09:58

Health: -3/77      AC: 14    Str: 15    XL:     10   Next: 2%
Magic:  15/15      EV: 14    Int:  9    God:    Okawaru [****..]
Gold:   399        SH:  0    Dex: 17    Spells: 0 memorised, 9 levels left

rFire  . . .     SeeInvis .     n - +1 halberd
rCold  . . .     Gourm    .     L - +3 scale mail
rNeg   . . .     Faith    .     (shield currently unavailable)
rPois  +         Spirit   .     (no helmet)
rElec  .         Dismiss  .     h - +0 cloak
rCorr  .         Reflect  .     v - +1 pair of gloves
MR     .....     Harm     .     (no boots)
Stlth  ..........               b - amulet of rage
                                m - ring of poison resistance
                                p - ring of loudness (curse)

@: about to teleport
A: change form in water, swift swim, stealthy swim
a: Heroism, Renounce Religion, Evoke Berserk Rage


You were on level 1 of the Abyss.
You worshipped Okawaru.
Okawaru was greatly pleased with you.
You were not hungry.

You visited 2 branches of the dungeon, and saw 9 of its levels.
You visited the Abyss 1 time.

You collected 399 gold pieces.

Inventory:

Hand Weapons
 n - a +1 halberd (weapon)
 G - a +0 trident
Armour
 h - a +0 cloak (worn)
 v - a +1 pair of gloves (worn)
 H - a +0 leather armour of fire resistance
 L - a +3 scale mail (worn)
Jewellery
 b - an amulet of rage (around neck)
 j - a +4 ring of strength
 m - a ring of poison resistance (right hand)
 p - a cursed ring of loudness (left hand)
 D - an uncursed ring of wizardry
Wands
 a - a wand of random effects (48/48)
Scrolls
 g - a scroll of noise
 i - 2 scrolls of amnesia
 l - 3 scrolls of remove curse
 x - 2 scrolls of magic mapping
 y - a scroll of enchant weapon
 A - a scroll of fog
Potions
 d - a potion of resistance {unknown}
 e - a potion of cancellation {unknown}
 s - a potion of might
 t - a potion of brilliance
 u - 2 potions of ambrosia {unknown}
 w - a potion of flight {unknown}
 C - 2 potions of curing
 F - a potion of magic
 K - a potion of cure mutation {unknown}
Comestibles
 c - 6 bread rations
 f - 13 fruits
 k - 4 meat rations
 o - 4 chunks of flesh
 z - 3 slices of pizza


   Skills:
 + Level 6.8 Fighting
 + Level 9.2 Polearms
 * Level 5.8 Armour
 + Level 8.1 Dodging
 - Level 2.1 Stealth
 * Level 6.7 Invocations


You had 9 spell levels left.
You didn't know any spells.

Dungeon Overview and Level Annotations

Branches:
Dungeon (8/15)             Temple (1/1) D:4
   Lair: D:8-11

Altars:
Ashenzari
Dithmenos
Elyvilon
Fedhas
Gozag
Hepliaklqana
Kikubaaqudgha
Makhleb
Nemelex Xobeh
Okawaru
Qazlal
Ru
Sif Muna
Trog
Uskayaw
Vehumet
Xom
Yredelemnul
Zin
The Shining One

Annotations:
D:8 Psyche


Message History

Killing monsters will force the Abyss to allow you passage.
This branch contains the abyssal rune of Zot.
Found 17 gold pieces and a metallic dark potion.
Found a scroll of teleportation.
You see here a metallic dark potion.
u - 2 metallic dark potions (gained 1) Autopickup is now on.
You feel like a meek peon again.
q - a scroll of teleportation An iron imp comes into view.
The iron imp shouts, "Leave, thou fawning sheep-biting baggage!"
A large abomination comes into view.
The large abomination hits you.
* * * LOW HITPOINT WARNING * * *
As you read the scroll of teleportation, it crumbles to dust.
You feel strangely unstable.
You feel the power of the Abyss delaying your translocation!
The large abomination hits you but does no damage.
The large abomination hits you!!
You die...

. .###.#.. ...#.. .##
..... . ..###.... ...#.
... . ..##..#...#......
.........#..#........# .
.....##.#....##...#
......$.#.##..##.#.##
.... ..##.##..#.#...##
.... .. ....##..X....#..
........#.#####.@.......
..........# #.#....#..
........### ###...##
...... ...# #.## . ..
.##.# .. .......# ## ...
#..#..#. ... #...#..#
..#. #.#..


You could see a large abomination.

Vanquished Creatures
  Pikel (D:5)
  Grinder (D:6)
  Sigmund (D:5)
  Menkaure (D:5)
  Edmund (D:5)
  3 slaves (D:5)
  2 orc warriors
  A sky beast (D:6)
  5 ogres
  3 centaurs
  A big kobold (D:8)
  2 giant frogs (D:7)
  3 scorpions
  2 howler monkeys
  A crimson imp (D:7)
  2 hounds
  5 orc priests
  A centaur skeleton (D:8)
  A jelly (D:7)
  An iguana (D:5)
  3 worker ants
  Natasha (thrice) (D:3)
  7 orc wizards
  2 hound zombies (D:5)
  A hound skeleton (D:5)
  11 gnolls
  A howler monkey skeleton (D:4)
  11 adders
  2 shadow imps
  2 oozes
  2 worms
  3 dart slugs
  6 giant geckos
  25 orcs
  9 bats
  3 giant cockroaches
  4 goblins
  9 hobgoblins
  12 jackals
  2 quokkas
  3 ball pythons
  3 giant newts
  A jackal zombie (D:5)
  10 kobolds
  5 rats
178 creatures vanquished.

Vanquished Creatures (others)
  A slave (D:5)
  A plant (D:2)
2 creatures vanquished.

Grand Total: 180 creatures vanquished

Notes
Turn   | Place    | Note
-------+----------+-------------------------------------------
     0 | D:1      | epen the Merfolk Monk began the quest for the Orb.
     0 | D:1      | Reached XP level 1. HP: 18/18 MP: 1/1
   206 | D:1      | Reached XP level 2. HP: 20/24 MP: 2/2
   845 | D:2      | Reached skill level 1 in Armour
   845 | D:2      | Reached XP level 3. HP: 23/29 MP: 3/3
  1113 | D:2      | Reached skill level 5 in Polearms
  1113 | D:2      | Reached XP level 4. HP: 21/37 MP: 4/4
  1675 | D:2      | Reached XP level 5. HP: 42/42 MP: 5/5
  1890 | D:3      | Noticed Natasha
  1904 | D:3      | Killed Natasha
  2466 | D:3      | Found a glowing golden altar of the Shining One.
  2524 | D:3      | Reached XP level 6. HP: 39/48 MP: 6/6
  2531 | D:3      | Reached skill level 6 in Polearms
  2779 | D:3      | Noticed Natasha
  2795 | D:3      | Killed Natasha
  3068 | D:3      | Reached skill level 5 in Dodging
  3143 | D:3      | Noticed Natasha
  3383 | D:3      | Killed Natasha
  3620 | D:4      | Reached XP level 7. HP: 53/55 MP: 7/7
  3720 | D:4      | Reached skill level 5 in Fighting
  3793 | D:4      | Found a deep blue altar of Sif Muna.
  3849 | D:4      | Found a staircase to the Ecumenical Temple.
  3860 | Temple   | Entered the Ecumenical Temple
  4028 | Temple   | Became a worshipper of Warmaster Okawaru
  4028 | Temple   | Reached * piety under Okawaru
  4028 | Temple   | Reached ** piety under Okawaru
  4414 | D:4      | Reached skill level 1 in Invocations
  4721 | D:5      | Entered Level 5 of the Dungeon
  4750 | D:5      | Noticed Sigmund
  4809 | D:5      | Noticed Menkaure
  4816 | D:5      | Killed Menkaure
  4826 | D:5      | Reached skill level 7 in Polearms
  4841 | D:5      | Reached XP level 8. HP: 32/62 MP: 9/9
  5022 | D:5      | Killed Sigmund
  5168 | D:5      | Noticed Pikel
  5182 | D:5      | Killed Pikel
  5182 | D:5      | Reached *** piety under Okawaru
  5708 | D:5      | Noticed Edmund
  5712 | D:5      | Killed Edmund
  5864 | D:6      | Reached skill level 8 in Polearms
  5873 | D:6      | Reached XP level 9. HP: 34/69 MP: 12/12
  6070 | D:6      | Reached skill level 5 in Invocations
  6204 | D:6      | Reached skill level 5 in Armour
  6763 | D:6      | Noticed Grinder
  6773 | D:6      | Paralysed by Grinder for 5 turns
  6782 | D:6      | Killed Grinder
  6782 | D:6      | Reached **** piety under Okawaru
  7605 | D:7      | Found a sparkling altar of Nemelex Xobeh.
  8214 | D:8      | Reached skill level 9 in Polearms
  8476 | D:8      | Found a radiant altar of Vehumet.
  8494 | D:8      | Reached XP level 10. HP: 77/77 MP: 13/15
  8573 | D:8      | Found a hazy altar of Hepliaklqana.
  8683 | D:8      | Noticed Psyche
  8699 | D:8      | HP: 3/77 [Psyche/dagger of distortion (11)]
  8710 | D:8      | Cast into level 1 of the Abyss (Psyche)
  8729 | Abyss:1  | Noticed a large abomination
  8732 | Abyss:1  | Slain by a large abomination

Vault maps used:
D:1:      matt_arrival_refuge, minmay_liquid_box, nrook_loot_triangle
D:2:      serial_bayou_pond_c
D:3:      old_standard_altar, uniq_natasha
D:4:      lemuel_blue_sif_altar, first_bread
D:5:      hangedman_decor_push, hex_medium, uniq_menkaure, uniq_edmund,
          uniq_pikel, uniq_sigmund
D:6:      uniq_grinder
D:7:      nemelex_xobeh_ov_fountains_minmay, grunt_ministairs_11
D:8:      lemuel_round_altar, basic_altar, uniq_psyche, uniq_grum
Temple:   eino_temple_scatter_basement

Skill      XL: |  1  2  3  4  5  6  7  8  9 |
---------------+----------------------------+-----
Armour         | 1 2 3 4 5 |  5.8
Polearms       | 5 6 7 8 9 |  9.2
Fighting       | 4 5 6 |  6.8
Dodging        | 5 6 8 |  8.1
Invocations    | 2 4 6 |  6.7
Stealth        | |  2.1

Action                   |  1- 3 |  4- 6 |  7- 9 | 10-12 || total
-------------------------+-------+-------+-------+-------++-------
Melee: Spear             |    91 |     6 |       |       ||    97
       Tailslap          |     5 |       |       |       ||     5
       Halberd           |       |   232 |   455 |    28 ||   715
Invok: Heroism           |       |       |     1 |     1 ||     2
  Use: Scroll            |       |     3 |    13 |     1 ||    17
       Potion            |       |       |       |     2 ||     2
 Stab: Sleeping          |     1 |     3 |       |       ||     4
  Eat: Chunk             |       |     9 |    16 |     1 ||    26
Armor: Ring mail         |    15 |    75 |    69 |       ||   159
       Leather armour    |       |       |    21 |       ||    21
       Scale mail        |       |       |    71 |    19 ||    90
Dodge: Dodged            |    52 |   153 |   358 |    19 ||   582
